 Dungeon Crawl Stone Soup version 0.30.0-29-ga12c61a403 (webtiles) character file.

Game seed: 12369061238510937722

58 qw the Chopper (level 4, 0/28 HPs)
             Began as a Gargoyle Fighter on June 5, 2023.
             Slain by Robin
             ... wielding a +0 spear
              (3 damage)
             ... on level 2 of the Dungeon.
             The game lasted 00:00:36 (903 turns).

qw the Chopper (Gargoyle Fighter)                    Turns: 903, Time: 00:00:37

Health: 0/28       AC: 11    Str: 22    XL:     4   Next: 1%
Magic:  4/4        EV:  9    Int:  8    God:
Gold:   109        SH:  4    Dex:  9    Spells: 3/3 levels left

rFire   . . .        Y - +0 war axe
rCold   . . .        c - +0 buckler
rNeg    + . .        b - +0 scale mail
rPois   inf          (no helmet)
rElec   +            (no cloak)
rCorr   .            (no gloves)
SInv    .            k - +0 pair of boots
Will    .....        (no amulet) Stlth
                     (no ring)
HPRegen 0.24/turn    (no ring)
MPRegen 0.09/turn

%: no passive effects
@: no status effects
A: sickness immunity, AC +3, negative energy resistance 1, electricity
resistance, torment resistance 1, petrification resistance
a: no special abilities


You were on level 2 of the Dungeon.
You visited 1 branch of the dungeon, and saw 2 of its levels.

You collected 109 gold pieces.


Innate Abilities, Weirdness & Mutations

You are immune to sickness and miasma.
Your stone body is resilient. (AC +3)
You are immune to poison.
You resist negative energy. (rN+)
You are resistant to electric shocks. (rElec)
You are resistant to unholy torment.
You are immune to petrification.


   Skills:
 - Level 3.2 Fighting
 + Level 3.8 Axes
 - Level 3.2 Armour
 - Level 3.2 Shields


You had 3 spell levels left.
You didn't know any spells.
Your spell library was empty.

Inventory:

Hand Weapons
 f - a +0 club
 Y - a +0 war axe (weapon)
Armour
 b - a +0 scale mail (worn)
 c - a +0 buckler (worn)
 k - a +0 pair of boots (worn)
Potions
 d - a potion of might
 h - a potion of heal wounds {unknown}

Dungeon Overview and Level Annotations

Branches:
Dungeon (2/15)

Altars:

Annotations:
D:2 Robin, Sigmund


Message History

You kill the goblin!
You closely miss the goblin. Robin throws the goblin at you!
You block the goblin's attack.
You slash the goblin!
You kill the goblin!
You barely miss the goblin.
Sigmund the Dreaded comes into view.
He is wielding a +0 scythe.
Robin hits you from afar with a +0 spear.
The goblin hits you but does no damage. Robin hits you but does no damage.
You block the goblin's attack.
You slash the goblin!
You kill the goblin!
Robin hits you but does no damage.
You have reached level 4!
You feel stronger. Robin hits you but does no damage.
Sigmund closely misses you.
Items here: % ))).
Enter note:
Enter note:
Enter note: You hit Robin but do no damage.
Robin hits you but does no damage. Sigmund hits you but does no damage.
You barely miss Robin. Robin hits you but does no damage.
Sigmund hits you from afar with a +0 scythe.
Robin hits you but does no damage.
You slash Robin!
Robin is heavily wounded.
Robin hits you with a +0 spear.
Sigmund hits you from afar with a +0 scythe.
You barely miss Robin.
Robin is heavily wounded.
Robin hits you but does no damage.
You hit Robin but do no damage.
Robin is heavily wounded.
Robin hits you but does no damage. Sigmund hits you but does no damage.
Robin hits you with a +0 spear.
You closely miss Robin.
Robin is heavily wounded.
Sigmund barely misses you. Robin hits you with a +0 spear.
You die...

##..# ...## .# ##.#
.# #.# .. #.# .# #.#
<# # #.# ##.#.# #.#
###).@.# ##.#
#).@g..# ...# #
#)#...#....
...####...####.##.#.#
# ..................#
# .######...####.####
.# #.#####.####.#
.### #...........<#
...# #######.######
##.# #.#


You could see Sigmund and Robin.

Vanquished Creatures
  A worm (D:2)
  4 dart slugs
  2 bats (D:1)
  An endoplasm (D:1)
  13 goblins
  5 hobgoblins
  3 jackals (D:2)
  2 kobolds
  A quokka (D:1)
  5 ball pythons
  2 rats (D:1)
39 creatures vanquished.

Notes
Turn   | Place    | Note
-------+----------+-------------------------------------------
     0 | D:1      | qw the Gargoyle Fighter began the quest for the Orb.
     0 | D:1      | Reached XP level 1. HP: 14/14 MP: 1/1
     0 | D:1      | 0 ||| qw: Version: 0.2-a-108-gee2c290
     0 | D:1      | 0 ||| qw: Game counter: 1437
     0 | D:1      | 0 ||| qw: Always use a shield: true
     0 | D:1      | 0 ||| qw: God list: Okawaru
     0 | D:1      | 0 ||| qw: Allow faded altars: false
     0 | D:1      | 0 ||| qw: Do Orc after D:15 true
     0 | D:1      | 0 ||| qw: Do second Lair branch before Depths: true
     0 | D:1      | 0 ||| qw: Lair rune preference: random
     0 | D:1      | 0 ||| qw: Plans: Normal, Zot:1-4, Slime:5, God:TSO, Crypt,
                  | Tomb, Abyss, Pan, Hells, Win
     0 | D:1      | 0 ||| PLANNING D:1-11
    95 | D:1      | Reached XP level 2. HP: 19/19 MP: 2/2
   207 | D:1      | 207 ||| FLEEEEING.
   214 | D:1      | 214 ||| Stepping ~*~*~tactically~*~*~ (stealth).
   217 | D:1      | 217 ||| Stepping ~*~*~tactically~*~*~ (hiding).
   251 | D:1      | 251 ||| FLEEEEING.
   369 | D:1      | Reached skill level 3 in Axes
   385 | D:1      | 385 ||| Stepping ~*~*~tactically~*~*~ (hiding).
   386 | D:1      | 386 ||| Stepping ~*~*~tactically~*~*~ (hiding).
   394 | D:1      | Reached XP level 3. HP: 20/23 MP: 3/3
   663 | D:1      | 663 ||| UPGRADING to +0 pair of boots.
   668 | D:1      | 668 ||| READING scroll labelled CORIDD USOCRI.
   669 | D:1      | 669 ||| READING scroll labelled WUAJAVV VIGOSA.
   674 | D:1      | 674 ||| READING scroll labelled LAJIBB YMITA.
   675 | D:1      | 675 ||| DRINKING 4 emerald potions.
   676 | D:1      | 676 ||| DROPPING 3 potions of brilliance.
   821 | D:2      | 821 ||| Stepping ~*~*~tactically~*~*~ (stealth).
   882 | D:2      | 882 ||| Stepping ~*~*~tactically~*~*~ (stealth).
   883 | D:2      | Noticed Robin
   895 | D:2      | Noticed Sigmund
   897 | D:2      | Reached XP level 4. HP: 12/28 MP: 4/4
   900 | D:2      | HP: 5/28 [Sigmund/+0 scythe (5)]
   903 | D:2      | Slain by Robin

Levels and vault maps discovered:
D:1:      tarquinn_simple_flora_water_e, layout_basic
D:2:      layout_loops_ring, serial_shops, nicolae_shop_window_shopping,
          columned_hall_lemuel, uniq_robin, uniq_sigmund

Skill      XL: |  1  2 |
---------------+-------+-----
Axes           | 2 3 |  3.8
Fighting       | |  3.2
Armour         | |  3.2
Shields        | |  3.2

Action                     |  1- 3 |  4- 6 || total
---------------------------+-------+-------++-------
  Melee: War axe           |    82 |     6 ||    88
    Use: Scroll            |     3 |       ||     3
         Potion            |     1 |       ||     1
 Armour: Scale mail        |    41 |     8 ||    49
  Dodge: Dodged            |    33 |     2 ||    35
  Block: Buckler           |    19 |       ||    19

Table legend:
 A = Non-vault XP
 B = Vault XP
 C = Vault XP percentage of total XP
 D = Non-vault monster count
 E = Vault monster count
 F = Vault count percentage of total count
                 A         B        C        D         E       F
            +---------+---------+-------+---------+---------+-------
      Total |      59 |      24 |  28.9 |      27 |      12 |  30.8
            +---------+---------+-------+---------+---------+-------
        D:1 |      40 |       0 |   0.0 |      19 |       0 |   0.0
        D:2 |      19 |      24 |  55.8 |       8 |      12 |  60.0
            +---------+---------+-------+---------+---------+-------
